Map: Dusty Gorge

Players

TheOne

  • Race: Terran Terran
  • Spawn Location: 3:00

WhiteNight

  • Race: Terran Terran
  • Spawn Location: 5:00

PureLegacy - Winner!

  • Race: Terran Terran
  • Spawn Location: 9:00

ADOIFHlTLER - Winner!

  • Race: Terran Terran
  • League: Master
  • Spawn Location: 11:00

VOD

Have the link to the VOD?

Description

Time

  • Played on: Nov. 22, 2018, 9:22 a.m.
  • Length: 6:01
Show
View Real Time Build Order
Export as new Build Order

TheOne Terran 

Build Orders:  

Get SALT Encoding   

  12  0:00  SCV  
  13  0:13  SCV  
  14  0:17  Supply Depot  
  14  0:25  SCV  
  15  0:39  SCV  
  15  0:40  Barracks  
  16  0:44  Refinery  
  16  0:51  SCV  
  17  1:00  Barracks  
  17  1:04  SCV  
  18  1:10  Refinery  
  18  1:16  SCV  
  19  1:31  Reaper  
  20  1:35  Barracks  
  20  1:45  Orbital Command  
  20  1:54  Reaper  
  21  1:59  Supply Depot  
  21  2:04  Reaper  
  22  2:14  SCV  
  23  2:22  Reaper  
  24  2:26  Reaper  
  25  2:37  Reaper  
  27  2:39  SCV  
  27  2:54  Reaper  
  27  2:56  SCV  
  27  2:58  Reaper, Command Center  
  29  3:06  Supply Depot  
  29  3:08  SCV  
  29  3:12  Reaper  
  31  3:20  Barracks  
  31  3:27  SCV  
  31  3:28  Barracks  
  31  3:31  Reaper  
  34  3:34  Reaper  
  34  3:39  SCV  
  35  3:45  Reaper  
  36  3:51  SCV  
  36  4:06  Reaper x2  
  36  4:09  SCV  
  38  4:11  Reaper  
  38  4:14  Orbital Command  
  38  4:15  Engineering Bay  
  39  4:18  Reaper  
  39  4:21  Reaper  
  39  4:23  SCV  
  42  4:36  SCV  
  42  4:38  Reaper  
  44  4:39  SCV  
  44  4:42  Reaper  
  46  4:48  SCV  
  46  4:51  SCV  
  48  4:54  Reaper  
  49  5:00  Reaper, SCV  
  49  5:04  Refinery, SCV  
  49  5:06  Refinery  
  52  5:09  Supply Depot  
  52  5:12  Command Center  
  52  5:16  Reaper x2  
  54  5:24  SCV  
  54  5:30  SCV  
  56  5:42  Supply Depot  
Show
View Real Time Build Order
Export as new Build Order

WhiteNight Terran 

Build Orders:  

Get SALT Encoding   

  12  0:01  SCV  
  13  0:13  SCV  
  14  0:18  Supply Depot  
  14  0:25  SCV  
  15  0:35  Refinery  
  15  0:40  SCV  
  16  0:46  Barracks  
  16  0:52  SCV  
  17  1:04  SCV  
  17  1:07  Barracks  
  18  1:16  SCV  
  19  1:25  Barracks  
  19  1:33  Reaper  
  20  1:42  Orbital Command  
  20  1:54  Reaper  
  20  1:58  Supply Depot  
  21  2:05  Refinery  
  21  2:06  Reaper  
  23  2:08  SCV  
  23  2:20  Reaper  
  24  2:31  Reaper  
  24  2:34  SCV  
  26  2:45  Command Center  
  26  2:48  SCV  
  27  2:58  Reaper  
  27  3:00  SCV  
  27  3:04  Engineering Bay  
  29  3:12  SCV  
  31  3:20  Supply Depot  
  31  3:25  Supply Depot  
  31  3:31  Barracks Tech Lab  
  31  3:33  Factory  
  31  3:41  SCV, Barracks Reactor  
  31  3:50  Missile Turret  
  31  3:53  SCV  
  32  4:01  Orbital Command  
  30  4:08  Missile Turret  
  29  4:11  Barracks Tech Lab  
  29  4:13  Factory, SCV  
  30  4:25  Starport, SCV  
  31  4:32  Siege Tank  
  31  4:35  SCV  
  35  4:43  SCV  
  36  4:49  SCV  
  36  4:51  Missile Turret  
  37  4:55  SCV  
  38  5:00  Refinery  
  38  5:02  Siege Tank  
  38  5:03  Viking  
  43  5:07  SCV x2  
  45  5:19  SCV  
  45  5:20  SCV  
  47  5:23  Siege Tank  
  47  5:26  Supply Depot  
  50  5:31  SCV  
Show
View Real Time Build Order
Export as new Build Order

PureLegacy Terran - Winner!

Build Orders:  

Get SALT Encoding   

  12  0:01  SCV  
  13  0:13  SCV  
  14  0:18  Supply Depot  
  14  0:25  SCV  
  15  0:31  Refinery  
  15  0:39  SCV  
  16  0:46  Barracks  
  16  0:56  SCV  
  17  1:02  Barracks  
  17  1:15  Barracks  
  17  1:21  SCV  
  18  1:34  Reaper  
  18  1:39  Orbital Command  
  19  1:46  Refinery  
  19  1:51  Reaper  
  20  2:00  Supply Depot  
  20  2:03  Reaper  
  21  2:11  Reaper  
  21  2:12  SCV  
  23  2:23  Reaper  
  23  2:24  SCV  
  25  2:30  Supply Depot  
  25  2:35  Reaper  
  25  2:36  SCV  
  27  2:44  Reaper  
  28  2:51  Barracks  
  28  2:57  Reaper  
  29  2:59  Barracks  
  29  3:05  SCV  
  30  3:07  Reaper  
  31  3:16  Reaper  
  32  3:20  Supply Depot  
  32  3:31  Reaper  
  33  3:35  SCV  
  33  3:39  Reaper  
  35  3:41  Reaper  
  35  3:47  Reaper  
  37  3:54  Reaper  
  36  4:07  Reaper  
  37  4:12  Reaper  
  37  4:16  Command Center  
  39  4:24  Reaper  
  39  4:26  SCV  
  39  4:29  Reaper  
  41  4:36  Supply Depot  
  41  4:38  Reaper, SCV  
  43  4:48  Reaper  
  43  4:50  SCV  
  45  4:57  Reaper  
  46  5:02  SCV  
  47  5:08  Reaper  
  48  5:14  SCV  
  48  5:18  Reaper  
  49  5:26  Reaper, Command Center  
  50  5:33  Orbital Command  
  51  5:43  Barracks Tech Lab  
Show
View Real Time Build Order
Export as new Build Order

ADOIFHlTLER Terran - Winner!

Build Orders: Cyclone Opening 

Get SALT Encoding   

  12  0:00  SCV  
  13  0:12  SCV  
  14  0:18  Supply Depot  
  14  0:24  SCV  
  15  0:39  SCV  
  15  0:41  Barracks  
  16  0:45  Refinery  
  16  0:51  SCV  
  17  1:03  SCV  
  18  1:16  SCV  
  19  1:28  Marine, Orbital Command  
  20  1:43  Command Center  
  20  1:55  Factory  
  20  1:57  SCV  
  20  2:00  Barracks Tech Lab  
  21  2:10  Supply Depot  
  21  2:11  SCV  
  22  2:16  Refinery  
  22  2:23  SCV  
  23  2:35  SCV  
  23  2:44  Cyclone  
  23  2:47  SCV  
  27  2:55  Factory  
  27  2:58  Orbital Command  
  27  3:00  SCV  
  27  3:03  Barracks Reactor  
  28  3:12  SCV  
  29  3:22  Cyclone  
  29  3:24  SCV x2  
  34  3:30  Supply Depot  
  34  3:36  SCV x2  
  36  3:46  Hellion x2  
  36  3:48  SCV x2  
  41  3:49  Infernal Pre-Igniter  
  41  3:55  Supply Depot  
  42  3:59  Hellion  
  42  4:00  SCV  
  42  4:01  SCV  
  46  4:07  Hellion  
  46  4:09  Hellion  
  50  4:12  SCV  
  50  4:14  SCV  
  52  4:20  Cyclone  
  55  4:24  SCV  
  55  4:26  Supply Depot, SCV  
  55  4:29  Hellion  
  59  4:33  Hellion  
  59  4:36  SCV  
  62  4:51  Hellion  
  62  4:52  Cyclone  
  67  4:57  Command Center  
  67  4:58  Supply Depot  
  67  5:00  SCV x2  
  69  5:07  Refinery x2  
  69  5:11  Factory  
  69  5:12  SCV  
  70  5:20  Hellion x2, SCV  
  75  5:24  SCV  
  76  5:32  SCV  
  77  5:36  SCV  
  77  5:38  Starport  
  78  5:53  Supply Depot  
Tags
 
Add a new tag
Caveats
  • Supply blocks, unpowered buildings, or Contaminate may cause inaccurate times.
  • Supply counts are checked every 10 seconds.